 Dungeon Crawl Stone Soup version 0.17.1-3-g152610e (webtiles) character file.

16 Charly the Insei (level 2, 14/14 HPs)
             Began as a Vine Stalker Transmuter on May 3, 2016.
             Was a Follower of Vehumet.
             Quit the game on level 2 of the Dungeon.
             The game lasted 00:03:28 (248 turns).

Charly the Insei (Vine Stalker Transmuter)           Turns: 248, Time: 00:03:29

Health: 14/14      AC:  3    Str: 12    XL:     2   Next: 54%
Magic:  6/6        EV: 12    Int: 13    God:    Vehumet [*.....]
Gold:   23         SH:  0    Dex: 14    Spells: 2 memorised, 2 levels left

rFire  . . .     SeeInvis .       - Unarmed
rCold  . . .     Clarity  .     b - +0 robe
rNeg   . . .     SustAt   .     (no shield)
rPois  .         Gourm    .     (no helmet)
rElec  .         Spirit   +     e - +0 cloak
rCorr  .         Warding  .     (no gloves)
rMut   .         Stasis   .     (no boots)
MR     .....                    (no amulet)
Stlth  +.........               (no ring)
                                (no ring)

@: not resistant to hostile enchantments, very unstealthy
A: fangs 2, regeneration 1, magic shield, antimagic bite, no device heal 3, rot
immunity
a: Renounce Religion


You were on level 2 of the Dungeon.
You worshipped Vehumet.
Vehumet was aware of your devotion.
You were full.

You visited 1 branch of the dungeon, and saw 2 of its levels.

You collected 23 gold pieces.

Inventory:

Missiles
 a - 61 arrows
Armour
 b - a +0 robe (worn)
 e - a +0 cloak (worn)
Scrolls
 h - a scroll of identify {unknown}
Potions
 g - a potion of agility {unknown}
Books
 c - a book of Changes

   Spells                             Type                      Level
   a - Beastly Appendage              Transmutation                1
   b - Sticks to Snakes               Transmutation                2
   c - Spider Form                    Transmutation/Poison         3
   d - Ice Form                       Ice/Transmutation            4
   e - Blade Hands                    Transmutation                5
Comestibles
 d - 3 bread rations
 f - a royal jelly


   Skills:
 - Level 0.8 Fighting
 - Level 1.5 Dodging
 + Level 3.4 Unarmed Combat
 - Level 2.1 Spellcasting
 + Level 2.5 Transmutations


You had 2 spell levels left.
You knew the following spells:

 Your Spells              Type           Power        Failure   Level  Hunger
a - Beastly Appendage     Trmt           #.....       10%         1    ##.....
s - Sticks to Snakes      Trmt           #.........   14%         2    ###....


Dungeon Overview and Level Annotations

Branches:
Dungeon (2/15)

Altars:
Vehumet


Innate Abilities, Weirdness & Mutations

You have extremely sharp teeth.
Your natural rate of healing is unusually fast.
When hurt, damage is shared between your health and your magic reserves.
Your bite disrupts and absorbs the magic of your enemies.
Potions and wands cannot restore your health.
You are immune to rotting.


Message History

You see here a bread ration.
d - 3 bread rations (gained 1)
Found a scale mail.
Found a faded altar to an unknown god.
Found 11 stones.
Found a scroll labeled BOXTYC XOGEH.
A rat comes into view.
You see here a scroll labeled BOXTYC XOGEH.
h - a scroll labeled BOXTYC XOGEH
Found a helmet.
Found 3 poisoned sling bullets.
There is a faded altar to an unknown god here.
This altar will convert you to a god.
You cannot discern which.
Do you pray?
Okay, then.
This altar will convert you to a god.
You cannot discern which.
Do you pray? Vehumet accepts your prayer! Vehumet welcomes you!
You can now gain magical power from killing.
Vehumet offers you knowledge of Sting.
Are you sure you want to abandon this character and quit the game? (Confirm with "yes".)

.. #.# ###.# #...##
#### #.#..#### ...#
#.......#### ##.#
#...8......( #.#
#..8.8...#
##.##########.8.@.8..#
...............8.8...#
##.#########....8...##
#[# #........# #.#
#.##(##.r# #.# #.#.##
##.# #.# #..[ .# ..#
###. # ###


You could see a rat.

Vanquished Creatures
  A giant gecko (D:2)
  A bat (D:1)
  2 hobgoblins (D:1)
  3 goblins (D:1)
  4 kobolds (D:1)
  2 rats (D:1)
13 creatures vanquished.

Notes
Turn   | Place    | Note
--------------------------------------------------------------
     0 | D:1      | Charly the Vine Stalker Transmuter began the quest for the Orb.
     0 | D:1      | Reached XP level 1. HP: 9/9 MP: 4/4
   104 | D:1      | Reached XP level 2. HP: 10/14 MP: 6/6
   115 | D:1      | Learned a level 2 spell: Sticks to Snakes
   239 | D:2      | Found a faded altar to an unknown god.
   248 | D:2      | Became a worshipper of Vehumet
   248 | D:2      | Reached * piety under Vehumet
   248 | D:2      | Offered knowledge of Sting by Vehumet.
   248 | D:2      | Quit the game

Action                   || total
-------------------------++-------
Melee: Unarmed           ||    44
  Eat: Royal jelly       ||     1
